 Dungeon Crawl Stone Soup version 0.29.1-2-gbd0b4ee654 (webtiles) character file.

Game seed: 3233119427302447367

240 KittyFluff the Cudgeller (level 6, -6/57 HPs)
             Began as a Gargoyle Berserker on Oct 27, 2022.
             Was a Priest of Trog.
             Killed by divine providence
             ... invoked by an orc priest
              (14 damage)
             ... on level 4 of the Dungeon.
             The game lasted 00:16:30 (3874 turns).

KittyFluff the Cudgeller (Gargoyle Berserker)       Turns: 3874, Time: 00:16:30

Health: -6/57      AC: 10    Str: 21    XL:     6   Next: 8%
Magic:  6/6        EV: 11    Int:  7    God:    Trog [***...]
Gold:   208        SH:  4    Dex: 11    Spells: 5/5 levels left

rFire   . . .      SeeInvis .   a - +0 mace
rCold   . . .      Faith    .   g - +0 buckler
rNeg    + . .      Spirit   .   b - +0 animal skin
rPois   ∞          Reflect  .   (no helmet)
rElec   +          Harm     .   (no cloak)
rCorr   .          Rampage  .   (no gloves)
Will    .....                   (no boots)
Stlth   ..........              (no amulet)
HPRegen 0.19/turn               j - +4 ring of protection
MPRegen 0.10/turn               (no ring)

@: berserking, very quick
A: sickness immunity, AC +4, negative energy resistance 1, electricity
resistance, torment resistance 1, petrification resistance
a: Renounce Religion, Berserk, Trog's Hand


You were on level 4 of the Dungeon.
You worshipped Trog.
Trog was most pleased with you.
You visited 1 branch of the dungeon, and saw 5 of its levels.

You collected 208 gold pieces.

Inventory:

Hand Weapons
 a - a +0 mace (weapon)
 d - a +0 sling
Missiles
 h - 4 poisoned darts (quivered)
Armour
 b - a +0 animal skin (worn)
 g - a +0 buckler (worn)
 t - a +1 scale mail of fire resistance
Jewellery
 j - a +4 ring of protection (left hand)
 o - an amulet of guardian spirit
Wands
 k - a wand of iceblast (9)
Scrolls
 c - 2 scrolls of blinking {unknown}
 i - 2 scrolls of enchant armour {unknown}
 l - a scroll of butterflies {unknown}
 n - a scroll of teleportation {unknown}
 q - a scroll of summoning {unknown}
 s - a scroll of brand weapon {unknown}
Potions
 e - 2 potions of haste
 f - a potion of might
 p - a potion of mutation
 r - 2 potions of heal wounds


   Skills:
 + Level 4.0 Fighting
 + Level 4.3 Maces & Flails
 * Level 3.7 Armour
 + Level 2.3 Dodging
 + Level 1.9 Stealth
 * Level 1.7 Shields


You had 5 spell levels left.
You didn't know any spells.
Your spell library was empty.

Dungeon Overview and Level Annotations

Branches:
Dungeon (5/15)
 Temple: D:4-7

Altars:
Ashenzari
Cheibriados
Dithmenos
Fedhas
Nemelex Xobeh
Uskayaw
Wu Jian
Yredelemnul

Shops:
D:3 (


Innate Abilities, Weirdness & Mutations

You are immune to sickness and miasma.
Your stone body is resilient. (AC +4)
You are immune to poison.
You resist negative energy. (rN+)
You are resistant to electric shocks. (rElec)
You are resistant to unholy torment.
You are immune to petrification.


Message History

Okay, then.
An orc comes into view. It is wielding a +0 club.
The orc shouts!
The orc misses you.
You sock the orc!
You kill the orc!
Trog accepts your kill.
Found a gold wand.
Things that are here:
a +0 club; an orc corpse
k - a wand of iceblast (9)
An orc and an orc priest come into view.
The orc priest shouts!
The orc priest invokes the aid of Beogh against you.
Beogh smites you!
An orc priest comes into view. It is wielding a +0 short sword.
An orc comes into view. It is wielding a +0 hand axe.
The orc shouts!
The orc priest shouts!
You thump the orc priest!
The orc priest is severely wounded.
The orc priest calls down the wrath of Beogh upon you.
Beogh smites you!
You completely miss the orc priest.
The orc priest is severely wounded.
The orc priest hits you but does no damage.
A red film seems to cover your vision as you go berserk!
You feel yourself moving faster!
You feel mighty! The orc priest barely misses you.
The orc priest invokes the aid of Beogh against you.
Beogh smites you!
* * * LOW HITPOINT WARNING * * *
You sock the orc priest!
You kill the orc priest!
Trog accepts your kill.
You have reached level 6!
You barely miss the orc. The orc closely misses you.
The orc priest invokes the aid of Beogh against you.
Beogh smites you!
You die...

###.###########
...oo.o@......#
###.#########.#
#.# #.#
#.##########
#...........
########....
..........
......####


You could see an orc priest and 2 orcs.

Vanquished Creatures
  3 orc priests
  3 adders (D:2)
  2 worms
  6 dart slugs
  16 orcs
  6 endoplasms
  4 giant cockroaches
  3 goblins
  9 hobgoblins
  4 jackals (D:3)
  A quokka (D:2)
  8 ball pythons
  7 bats
  5 frilled lizards
  10 kobolds
  3 rats
90 creatures vanquished.

Vanquished Creatures (others)
  A demonic plant (D:1)
  3 fungi (D:1)
  14 plants
  2 withered plants (D:1)
20 creatures vanquished.

Grand Total: 110 creatures vanquished

Notes
Turn   | Place    | Note
-------+----------+-------------------------------------------
     0 | D:1      | KittyFluff the Gargoyle Berserker began the quest for the
                  | Orb.
     0 | D:1      | Reached XP level 1. HP: 14/14 MP: 1/1
   319 | D:1      | Reached XP level 2. HP: 9/19 MP: 2/2
   623 | D:1      | Found a faded altar of an unknown god.
  1057 | D:1      | Reached XP level 3. HP: 23/23 MP: 3/3
  1397 | D:2      | Found a broken altar of Ashenzari.
  1428 | D:2      | Reached ** piety under Trog
  1554 | D:2      | Reached XP level 4. HP: 25/29 MP: 4/4
  1562 | D:2      | Reached skill level 1 in Stealth
  2018 | D:2      | Reached skill level 1 in Shields
  2547 | D:3      | Found a blossoming altar of Fedhas.
  2590 | D:3      | Found an ornate altar of the Wu Jian Council.
  2593 | D:3      | Found a snail-covered altar of Cheibriados.
  2594 | D:3      | Found a shadowy altar of Dithmenos.
  2595 | D:3      | Found a basalt altar of Yredelemnul.
  2596 | D:3      | Found a sparkling altar of Nemelex Xobeh.
  2605 | D:3      | Found a hide-covered altar of Uskayaw.
  2629 | D:3      | Reached *** piety under Trog
  2773 | D:3      | Found Zesir's Weapon Shoppe.
  2781 | D:3      | Reached XP level 5. HP: 33/33 MP: 5/5
  2955 | D:3      | You fall into a shaft and drop 2 floors!
  2955 | D:5      | Entered Level 5 of the Dungeon
  3874 | D:4      | Reached XP level 6. HP: 7/38 MP: 6/6
  3874 | D:4      | Killed from afar by an orc priest

Illustrated notes

Levels and vault maps discovered:
D:1:      wheals_arrival_linesprint, layout_basic, serial_bayou,
          serial_bayou_lagoon_a, serial_bayou_pond_c, serial_bayou_crossing,
          serial_bayou_pond_e, shapermc_ecumenical_altar_gd
D:2:      cheibrodos_old_hovel, layout_basic, basic_altar, grunt_ministairs_12,
          hex_large, wad_orctagon
D:3:      layout_loops_corners, minitemple, lemuel_tele_altar, serial_shops,
          nicolae_shop_bloodbath_and_beyond, minmay_crystal_water
D:4:      layout_basic, chequers_serial_rivers_small_3
D:5:      layout_rooms, serial_demonic, serial_demonic_e, serial_demonic_g,
          serial_demonic_b, serial_demonic_g, minmay_ruined_shrine

Skill      XL: |  1  2  3  4  5 |
---------------+----------------+-----
Armour         | 3 |  3.7
Stealth        | 1 |  1.9
Dodging        | 2 |  2.3
Shields        | 1 |  1.7
Fighting       | 4 |  4.0
Maces & Flails | 4 |  4.3

Action                   |  1- 3 |  4- 6 || total
-------------------------+-------+-------++-------
Melee: Mace              |    95 |   133 ||   228
Invok: Berserk           |     1 |     2 ||     3
  Use: Scroll            |       |     5 ||     5
 Stab: Sleeping          |     1 |     1 ||     2
Armor: Animal skin       |    36 |    48 ||    84
Dodge: Dodged            |    73 |    62 ||   135
Block: Buckler           |     5 |    14 ||    19
